 Dungeon Crawl Stone Soup version 0.26-a0-18-g135ff06667 (webtiles) character file.

Game seed: 8557416642751173320, levelgen mode: classic

368944 EnegeticOcto the Bringer of Law (level 21, -2/177 HPs)
             Began as a Deep Dwarf Ice Elementalist on May 24, 2020.
             Was the Champion of Zin.
             Splashed by a yellow draconian's acid (6 damage)
             ... on level 3 of the Realm of Zot on May 25, 2020.
             The game lasted 06:06:02 (72933 turns).

EnegeticOcto the Bringer of Law (DDIE)             Turns: 72933, Time: 06:06:02

Health: -2/177     AC: 23    Str: 13    XL:     21   Next: 30%
Magic:  9/9 (0)    EV: 15    Int: 34    God:    Zin [******]
Gold:   381        SH:  9    Dex: 17    Spells: 8/46 levels left

rFire    + . .     SeeInvis .   I - staff of wizardry
rCold    + + .     Gourm    .   y - +1 buckler "Rickafam" {+Inv rF- MR+ Int+9}
rNeg     + + .     Faith    .   O - +5 ring mail of the Unseen Realm {Dex+4}
rPois    +         Spirit   .   C - -2 hat of the Alchemist {rElec rPois rF+ rC+ rN+ MR+ rMut rCorr}
rElec    +         Reflect  .   d - scarf {rC+ rF+}
rCorr    +         Harm     .   u - +2 pair of gloves
rMut     +                      b - +2 pair of boots {Fly}
MR       +++++                  B - amulet of magic regeneration
Stlth    ++........             K - ring of Robustness {AC+8, =R}
HPRegen  0.00/turn              L - ring of magical power
MPRegen  0.36/turn

@: berserk cooldown, very slightly contaminated, non-regenerating, hasted, very
quick
A: damage resistance, heal wounds, negative energy resistance 1, sense
surroundings 3, no regeneration
}: 3/15 runes: barnacled, abyssal, gossamer
a: Heal Wounds, Recite, Vitalisation, Imprison, Sanctuary, Donate Gold, Renounce
Religion, Evoke Invisibility, Evoke Flight


You were on level 3 of the Realm of Zot.
You worshipped Zin.
Zin was exalted by your worship.
You were full.

You visited 10 branches of the dungeon, and saw 47 of its levels.
You visited the Abyss 1 time.
You visited 1 bazaar.
You also visited: Sewer, Bailey and Ice Cave.

You collected 5480 gold pieces.
You spent 4703 gold pieces at shops.
You donated 396 gold pieces to Zin.

Inventory:

Missiles
 c - 12 throwing nets {!f}
 i - 622 stones (quivered)
 m - 128 poisoned darts
 E - 1111 arrows
Armour
 b - a +2 pair of boots of flying (worn)
 d - a scarf of resistance (worn)
 u - a +2 pair of gloves (worn)
 y - the +1 buckler "Rickafam" (worn) {+Inv rF- MR+ Int+9}
   (You bought it in a shop on level 2 of the Orcish Mines)

   It affects your intelligence (+9).
   It makes you vulnerable to fire.
   It affects your resistance to hostile enchantments.
   It lets you turn invisible.
 C - the -2 hat of the Alchemist (worn) {rElec rPois rF+ rC+ rN+ MR+ rMut rCorr}
   (You acquired it on level 4 of the Shoals)

   It protects you from fire.
   It protects you from cold.
   It insulates you from electricity.
   It protects you from poison.
   It protects you from negative energy.
   It affects your resistance to hostile enchantments.
   It provides partial protection from all sources of acid and corrosion.
   It protects you from mutation.
 O - the +5 ring mail of the Unseen Realm (worn) {Dex+4}
   (You took it off a kobold on level 8 of the Dungeon)

   It affects your dexterity (+4).
Magical Staves
 I - an uncursed staff of wizardry (weapon)
Jewellery
 q - an uncursed ring of see invisible
 B - an amulet of magic regeneration (around neck)
 K - the ring of Robustness (left hand) {AC+8, =R}
   (You bought it in a shop on level 2 of the Orcish Mines)

   [ring of protection]

   It affects your AC (+8).
 L - a ring of magical power (right hand)
Wands
 x - a wand of digging (6) {@v3}
 D - a wand of acid (1) {@v1}
 N - a wand of enslavement (12)
 R - a wand of iceblast (19) {@v2}
Scrolls
 g - 2 scrolls of identify {@r1}
 h - 4 scrolls of fear {!r}
 j - 8 scrolls of teleportation {@r3 !r}
 n - a scroll of blinking {@r4}
 p - 11 scrolls of remove curse {@r2}
 s - a scroll of silence
 M - 2 scrolls of magic mapping {@r5 !r}
 P - 4 scrolls of immolation
 X - 2 scrolls of fog {!r}
 Z - 2 scrolls of holy word
Potions
 k - 9 potions of haste {@q4 !q}
 l - a potion of mutation
 o - 4 potions of berserk rage
 r - 3 potions of stabbing {@q5 !q}
 t - 5 potions of cancellation
 v - 5 potions of might {@q3 !q}
 w - 6 potions of brilliance
 z - 4 potions of lignification {@q6}
 A - 9 potions of magic
 G - 6 potions of resistance
 T - a potion of invisibility
Miscellaneous
 H - a lightning rod (2/4)
 J - a tin of tremorstones (2/3)
 V - 3 phantom mirrors
 W - a phial of floods
Comestibles
 e - 10 rations
 f - 2 chunks of flesh


   Skills:
 + Level 8.6 Fighting
 - Level 4.0 Armour
 - Level 8.0 Dodging
 - Level 4.0 Stealth
 - Level 15.0 Shields
 + Level 13.4 Spellcasting
 - Level 9.0 Conjurations
 - Level 8.0 Summonings
 - Level 5.0 Transmutations
 - Level 17.0 Ice Magic
 - Level 0.5 Air Magic
 - Level 14.0 Earth Magic
 - Level 18.0 Invocations
 - Level 10.0 Evocations


You had 8 spell levels left.
You knew the following spells:

 Your Spells              Type           Power        Failure   Level  Hunger
a - Ozocubu's Refrigerat  Ice            #######...   1%          6    ###....
b - Frozen Ramparts       Ice            ######       0%          3    None
c - Summon Ice Beast      Ice/Summ       #######.     1%          4    None
d - Sandblast             Erth           ######       0%          1    None
f - Apportation           Tloc           ###...       1%          1    None
g - Lee's Rapid Deconstr  Erth           #######...   1%          5    None
h - Iron Shot             Conj/Erth      #######...   2%          6    ###....
i - Stone Arrow           Conj/Erth      ######       1%          3    None
j - Sticks to Snakes      Tmut           ######..     1%          2    None
k - Mephitic Cloud        Conj/Pois/Air  #####...     1%          3    None
p - Passwall              Tmut/Erth      ######..     1%          2    None
Y - Blink                 Tloc           N/A          2%          2    None

Your spell library contained the following spells:

 Spells                   Type           Power        Failure   Level  Hunger
 Freeze                   Ice            ####         0%          1    None
 Animate Skeleton         Necr           N/A          1%          1    None
 Beastly Appendage        Tmut           ######       1%          1    None
 Corona                   Hex            ###....      1%          1    None
 Foxfire                  Conj/Fire      ####         1%          1    None
 Magic Dart               Conj           ####         1%          1    None
 Summon Small Mammal      Summ           ####         1%          1    None
 Call Imp                 Summ           ######..     1%          2    None
 Searing Ray              Conj           ######       1%          2    None
 Call Canine Familiar     Summ           ######..     1%          3    None
 Conjure Flame            Conj/Fire      ######..     1%          3    None
 Dazzling Flash           Conj/Hex       ######       1%          3    None
 Ozocubu's Armour         Chrm/Ice       ######..     1%          3    None
 Spider Form              Tmut/Pois      #####.....   1%          3    None
 Summon Guardian Golem    Hex/Summ       ######..     1%          3    None
 Hailstorm                Conj/Ice       #######.     1%          4    None
 Ice Form                 Ice/Tmut       #######.     1%          4    None
 Leda's Liquefaction      Hex/Erth       ######....   1%          4    None
 Petrify                  Tmut/Erth      ######..     1%          4    None
 Aura of Abjuration       Summ           ######....   1%          5    None
 Bolt of Magma            Conj/Fire/Erth ######....   1%          5    None
 Metabolic Englaciation   Hex/Ice        ######....   1%          5    None
 Poisonous Vapours        Pois/Air       ###...       2%          2    None
 Shroud of Golubria       Chrm/Tloc      ###...       2%          2    None
 Slow                     Hex            ###.....     2%          2    None
 Ignite Poison            Fire/Tmut/Pois ####....     2%          3    None
 Fulminant Prism          Conj/Hex       ######....   2%          4    None
 Iskenderun's Mystic Bla  Conj/Tloc      ######..     2%          4    None
 Sticky Flame             Conj/Fire      ######..     2%          4    None
 Summon Lightning Spire   Summ/Air       ######..     2%          4    None
 Irradiate                Conj/Tmut      ######....   2%          5    None
 Confusing Touch          Hex            ###.....     4%          3    None
 Gell's Gravitas          Tloc           ###.......   4%          3    None
 Inner Flame              Hex/Fire       ###.....     4%          3    None
 Portal Projectile        Hex/Tloc       ###...       4%          3    None
 Statue Form              Tmut/Erth      ######...    4%          6    ###....
 Blade Hands              Tmut           ######....   6%          5    None
 Freezing Cloud           Conj/Ice/Air   ######....   6%          6    ###....
 Fireball                 Conj/Fire      ######....   7%          5    None
 Iskenderun's Battlesphe  Conj/Chrm      ######..     7%          5    None
 Simulacrum               Ice/Necr       ######....   8%          6    ###....
 Cause Fear               Hex            ###.......   16%         4    None
 Olgreb's Toxic Radiance  Pois           ###.....     16%         4    None
 Yara's Violent Unravell  Hex/Tmut       #####.....   16%         5    None
 Hydra Form               Tmut           ######....   28%         6    ###....
 Conjure Ball Lightning   Conj/Air       ######....   32%         6    ###....
 Orb of Destruction       Conj           ######....   32%         7    #####..
 Silence                  Hex/Air        ###.......   34%         5    None
 Starburst                Conj/Fire      ######....   34%         6    ###....
 Spellforged Servitor     Conj/Summ      ######....   36%         7    #####..
 Lehudib's Crystal Spear  Conj/Erth      #######...   63%         8    ######.
 Dragon Form              Tmut           ######....   82%         7    #####..
 Ring of Flames           Chrm/Fire      ###.......   100%        7    #####..
 Chain Lightning          Conj/Air       ######....   100%        8    ######.
 Discord                  Hex            ###.......   100%        8    ######.
 Ignition                 Fire           ###.......   100%        8    ######.
 Absolute Zero            Ice            #######...   78%         9    #######
 Shatter                  Erth           #######...   99%         9    #######
 Fire Storm               Conj/Fire      ######....   100%        9    #######
 Tornado                  Air            ####......   100%        9    #######


Dungeon Overview and Level Annotations

Branches:
Dungeon (15/15)            Temple (1/1) D:4            Lair (6/6) D:8
 Shoals (4/4) Lair:2       Spider (4/4) Lair:4        Slime (0/5) Lair:6
    Orc (2/2) D:10            Elf (3/3) Orc:2        Vaults (4/5) D:13
  Crypt (0/3) Vaults:2     Depths (5/5) D:15            Zot (3/5) Depths:5
  Sewer (visited)          Bailey (visited)           IceCv (visited)

Altars:
Ashenzari
Cheibriados
Dithmenos
Elyvilon
Gozag
Hepliaklqana
Makhleb
Okawaru
Qazlal
Ru
Sif Muna
Trog
Uskayaw
Wu Jian
Xom
Yredelemnul
Zin
The Shining One
Beogh
Jiyva

Shops:
D:6 :   D:7 !   D:8 [   D:9 *   D:10 }   Orc:2 !%*=   Elf:1 *   Shoals:1 }
Vaults:2 ?   Depths:2 ==}

Portals:
Hell: Depths:4 Depths:5
Abyss: Depths:4
Pandemonium: Depths:4
Ziggurat: Depths:4
Trove: D:14 (give 5 scrolls of blinking)

Annotations:
D:3 1 transporter
D:11 Fannar
Lair:3 2 runed translucent doors, Morbidden's ghost, journeyman DsAE
Lair:6 Masnef's ghost, journeyman TrMo
Spider:2 Arachne; Donald
Elf:1 exclusions: deep elf knight, 4 doors and 2 downstairs
Elf:2 exclusions: downstairs and 3 more exclusions
Vaults:1 8 runed translucent doors, Plog's ghost, adept FeBe
Vaults:2 exclusions: deep elf death mage, 5 doors and 4 more exclusions, Mennas


Innate Abilities, Weirdness & Mutations

You are resistant to damage.
You can heal yourself by infusing magical energy.
You resist negative energy. (rN+)
You passively map a large area around you.
You do not regenerate.


Message History

Unknown command.
You fail to use your ability.
A purple draconian annihilator comes into view.
It is wielding a +0 whip.
The yellow draconian scorcher points at you and mumbles some strange words.
The fireball explodes!
The fireball engulfs you. You resist.
The black draconian scorcher casts a spell at you.
The bolt of fire misses you.
You hear a roar!
You fail to use your ability.
You fail to use your ability.
The purple draconian annihilator casts a spell at you.
The bolt of lightning hits you! You resist.
* * * LOW HITPOINT WARNING * * *
An orb of fire comes into view.
The purple draconian annihilator mumbles some strange words.
The purple draconian annihilator blinks!
The purple draconian annihilator mumbles some strange words.
The purple draconian annihilator blinks!
You fail to use your ability.
The purple draconian annihilator gestures at you while chanting.
The bolt of lightning misses you.
The yellow draconian scorcher barely misses you.
You fade into invisibility!
You are very lightly contaminated with residual magic.
The purple draconian annihilator closely misses you.
A green draconian knight comes into view.
It is wielding a +2 bardiche.
The purple draconian annihilator casts a spell at you.
The iron shot hits you!!
* * * LOW HITPOINT WARNING * * *
A yellow draconian comes into view. It is wielding a -1 long sword.
You are confused.
You feel invigorated.
The green draconian knight roars!
The yellow draconian roars!
The yellow draconian scorcher hits you with a +2 whip of flaming.
* * * LOW HITPOINT WARNING * * *
The black draconian scorcher barely misses you.
The yellow draconian scorcher hits you but does no damage.
The green draconian knight mumbles some strange words.
The green draconian knight flickers and vanishes!
Deactivating autopickup; reactivate with Ctrl-A.
You closely miss the orb of fire.
The black draconian scorcher gestures at you while chanting.
The bolt of magma hits you but does no damage.
The yellow draconian scorcher hits you but does no damage.
The orb of fire glows red.
The bolt of fire hits you!! You resist.
* * * LOW HITPOINT WARNING * * *
The purple draconian annihilator points at you and mumbles some strange words.
The crystal spear hits the orb of fire!!!
The black draconian scorcher casts a spell at you.
The bolt of fire hits you! You resist. Zin protects you from harm!
The yellow draconian throws acid at you.
The glob of acid hits the purple draconian annihilator!
The purple draconian annihilator is splashed with acid.
The purple draconian annihilator is splashed with acid!
The acid corrodes the purple draconian annihilator!
The yellow draconian scorcher closely misses you.
You miss the yellow draconian scorcher.
You feel less invigorated.
You feel less confused.
The purple draconian annihilator roars!
You block the black draconian scorcher's attack.
The yellow draconian throws acid at you.
The glob of acid hits the purple draconian annihilator!
The purple draconian annihilator is splashed with acid!
The purple draconian annihilator seems to be corroded for longer.
The purple draconian annihilator is splashed with acid.
The purple draconian annihilator seems to be corroded for longer.
The yellow draconian scorcher hits you but does no damage.
You block the black draconian scorcher's attack.
The yellow draconian scorcher completely misses you.
The purple draconian annihilator roars!
Okay, then.
You hear a choir sing!
By Zin's power, all blood is cleared from the sanctuary.
The monsters scatter in all directions!
There is a stone staircase leading down here.
You flicker for a moment.
You climb downwards.
Reactivating autopickup.
A storm dragon, a quicksilver dragon, a moth of wrath and a tentacled monstrosity come into view.
Found 19 gold pieces and a scroll of identify.
There is a stone staircase leading up here.
A yellow draconian comes into view. It is wielding a +0 halberd.
Found a ration.
Really quaff
k - 10 potions of haste {@q4 !q}?
You feel yourself speed up.
You flicker back into view.
The moth of wrath's fur bristles in rage as it notices you.
The moth of wrath closely misses you.
Found a staff of wizardry.
A storm dragon comes into view.
You feel yourself speed up.
The storm dragon roars deafeningly!
The yellow draconian roars!
You hear a roar!
The yellow draconian throws acid at you.
The glob of acid hits you! You resist.
* * * LOW HITPOINT WARNING * * *
You are splashed with acid!
You resist.
You die...

* , , , .........
, , , ,,
*,,......... , ,,
,, , , ,
......... , , ,,
,, ,,........###
,, , , , *
.......... * , ,
,......?.. , * ,
,, *
,........######,,
,* ,
##.##.y.X@..# , ,
, ,
#....<#####d..%D.
* ** #....$.# *
...|. , ,,, * ,
..........#
,,.... ,
........D.# , ..[
,, ,..........# *
, .., ,,
..........+ , * #
,, ..........#*
** ,.......D..# ,


You could see a tentacled monstrosity, a storm dragon, a yellow draconian
(catching breath) and a moth of wrath.

Vanquished Creatures
  Sojobo (Vaults:2)
  3 electric golems
  A lich (Vaults:2)
  Jorgrun (D:14)
  A quicksilver dragon (Depths:4)
  A deep elf blademaster (Elf:3)
  2 deep elf master archers (Elf:3)
  Polyphemus (Shoals:4)
  A death cob (Zot:2)
  A tentacled starspawn (Abyss:4)
  Kirke (Spider:4)
  2 shadow dragons
  3 tengu reavers
  8 deep elf sorcerers (Elf:3)
  2 fire giants
  A frost giant (Depths:4)
  2 draconian knights
  3 vault wardens
  An orc warlord (Vaults:2)
  2 draconian shifters
  7 deep elf elementalists (Elf:3)
  5 emperor scorpions
  A ghoul (Vaults:1)
  An entropy weaver (Spider:4)
  A war gargoyle (Vaults:2)
  2 ironheart preservers (Vaults:2)
  5 stone giants
  8 deep elf demonologists (Elf:3)
  A vampire knight (Vaults:2)
  Nessos (D:13)
  2 ophanim (Abyss:3)
  A red draconian (Depths:5)
  A lorocyproca (Abyss:3)
  A purple draconian (Zot:1)
  11 deep elf annihilators (Elf:3)
  A black draconian (Depths:5)
  2 green draconians (Zot:1)
  A yellow draconian (Zot:1)
  An ettin (Vaults:2)
  3 spark wasps
  6 merfolk impalers
  6 deep elf death magi
  A merfolk javelineer (Shoals:4)
  6 yaktaur captains
  3 fire dragons
  3 great orbs of eyes
  5 deep elf high priests
  The ghost of ICC the Blocker, a journeyman VSFi of Wu Jian (Orc:2)
  A rakshasa (Depths:2)
  10 hydras
  8 vault guards
  A catoblepas (Shoals:4)
  A merfolk avatar (Shoals:4)
  A spriggan air mage (Depths:2)
  3 ogre magi
  19 dancing weapons
  15 two-headed ogres
  3 death knights
  2 alligator snapping turtles
  An anaconda (Lair:6)
  4 merfolk aquamancers
  7 centaur warriors
  A satyr (Shoals:4)
  5 death yaks
  A thrashing horror (Abyss:2)
  2 orc high priests
  A sun demon (Depths:4)
  3 spriggan berserkers
  A soul eater (Vaults:2)
  14 deep elf knights
  Urug (Orc:1)
  2 wretched stars
  A shadow wraith (Vaults:2)
  A skeletal warrior (Vaults:1)
  A sixfirhy (Abyss:3)
  A wizard (Vaults:1)
  A sea snake (shapeshifter) (D:15)
  A spatial maelstrom (Abyss:2)
  5 unseen horrors
  A gelid demonspawn (Depths:4)
  3 starcursed masses
  13 deep elf archers
  6 ironbrand convokers
  4 harpies (Shoals:3)
  A large abomination (Abyss:3)
  5 orc knights
  15 wolf spiders
  A phantasmal warrior (Vaults:2)
  An orc sorcerer (Orc:2)
  A wolf spider (shapeshifter) (Vaults:2)
  A frost giant zombie (Vaults:1)
  45 deep elf magi
  8 cyclopes
  2 orb spiders (Spider:4)
  6 manticores
  5 fauns
  6 ugly things
  A salamander (D:15)
  7 vault sentinels
  3 black mambas
  A merfolk siren (Shoals:4)
  2 elephants (Lair:6)
  4 moths of wrath
  5 water nymphs
  A naga mage (Abyss:4)
  3 smoke demons
  2 centaur zombies (D:13)
  A guardian serpent (Abyss:4)
  2 gargoyles
  4 spiny frogs
  A yaktaur zombie (Vaults:1)
  5 rime drakes (Lair:6)
  19 yaktaurs
  2 torpor snails
  10 komodo dragons
  2 freezing wraiths
  2 demonic crawlers
  7 kobold demonologists
  A tormentor (Depths:4)
  4 ice devils (IceCv)
  An efreet (D:13)
  A human skeleton (Vaults:1)
  A queen bee (Lair:3)
  A hellwing (Abyss:3)
  A red devil (Depths:4)
  A tengu simulacrum (Vaults:3)
  2 trolls
  Grinder (D:3)
  3 meliai (D:15)
  17 jumping spiders
  3 polar bears
  A polar bear (shapeshifter) (Vaults:2)
  18 merfolk
  8 hornets
  3 wind drakes
  9 blink frogs
  Prince Ribbit (D:6)
  10 hippogriffs
  A blink frog (shapeshifter) (Vaults:1)
  A raiju (Abyss:2)
  17 slime creatures
  5 snapping turtles
  A stone giant simulacrum (Vaults:1)
  A fire dragon skeleton (Abyss:4)
  A centaur simulacrum (D:14)
  A redback (shapeshifter) (Vaults:2)
  51 redbacks
  4 air elementals
  A vampire (D:12)
  A wraith (Abyss:3)
  5 spriggans (Depths:4)
  17 water elementals
  2 shadows
  18 tarantellas
  A ynoxinul (Abyss:2)
  A hog (shapeshifter) (D:11)
  38 yaks
  A wyvern (D:12)
  3 fire elementals
  2 basilisks (Lair:2)
  A basilisk (shapeshifter) (Vaults:1)
  2 hogs (D:8)
  A hungry ghost (D:12)
  7 humans
  A fire bat (shapeshifter) (Vaults:2)
  Grum (D:9)
  4 vampire mosquitoes
  2 chaos spawn
  Menkaure (D:7)
  A warg (Orc:1)
  An acid dragon (D:8)
  A naga (Abyss:4)
  A soldier ant (shapeshifter) (Vaults:3)
  5 small abominations
  Duvessa (D:6)
  11 water moccasins
  8 porcupines
  4 sky beasts
  32 orc warriors
  3 phantoms
  A black bear (D:8)
  An ettin simulacrum (Vaults:1)
  2 eyes of draining
  19 ogres
  11 boggarts
  15 wolves
  16 crocodiles
  19 centaurs
  3 big kobolds
  A gnoll sergeant (D:8)
  A big kobold (shapeshifter) (Vaults:1)
  23 bullfrogs
  3 earth elementals
  Dowan (D:6)
  5 scorpions
  36 killer bees
  14 electric eels
  4 wights
  2 howler monkeys
  5 crimson imps
  10 jellies
  A quasit (D:11)
  An iron imp (Abyss:2)
  6 hounds
  A hound (shapeshifter) (Vaults:2)
  A human simulacrum (Vaults:1)
  16 orc priests
  28 orc wizards
  2 centaur skeletons (D:4)
  4 bullfrog skeletons
  Ijyb (D:3)
  5 iguanas
  7 hell rats
  7 worker ants
  2 hound zombies (D:5)
  3 worker ant zombies
  A howler monkey skeleton (D:6)
  31 gnolls
  15 adders
  A river rat (Sewer)
  2 shadow imps
  A white imp (Abyss:2)
  An ufetubus (Abyss:2)
  An ooze (Lair:6)
  2 adder zombies
  2 worms
  2 dart slugs
  5 leopard geckos
  81 orcs
  9 ball pythons
  7 bats
  2 giant cockroaches (D:3)
  12 hobgoblins
  18 jackals
  3 quokkas
  9 frilled lizards
  8 goblins
  30 kobolds
  A leopard gecko skeleton (D:4)
  A leopard gecko zombie (D:9)
  16 rats
  A starspawn tentacle (Abyss:4)
  A tentacle (Shoals:4)
1339 creatures vanquished.

Vanquished Creatures (collateral kills)
  A kraken (Shoals:4)
  Gastronok (D:8)
  A shadow dragon (Depths:5)
  An emperor scorpion (Spider:4)
  A deep elf sorcerer (Elf:3)
  A yellow draconian (Zot:2)
  A purple draconian (Depths:5)
  3 merfolk impalers
  Erolcha (D:13)
  A rakshasa (Depths:4)
  3 hydras
  2 ice dragons (Depths:5)
  2 vault guards (D:13)
  4 merfolk avatars
  2 death yaks (Lair:6)
  2 merfolk aquamancers (Shoals:4)
  A two-headed ogre (Orc:2)
  A dancing weapon (Elf:3)
  3 orc high priests (Orc:2)
  The ghost of ohados the Insei, a novice OpTm of Okawaru (D:9)
  9 sea snakes
  A wizard (D:14)
  A deep elf archer (Elf:2)
  2 orc knights
  2 harpies
  8 orb spiders (Spider:4)
  5 manticores
  A necromancer (Vaults:1)
  5 wolf spiders
  3 deep elf magi
  4 oklob plants (Lair:5)
  3 orc sorcerers
  An ugly thing (D:15)
  3 merfolk sirens
  3 water nymphs
  3 centaur zombies
  A guardian serpent (D:12)
  A torpor snail (Spider:4)
  2 black mambas
  2 centaur skeletons
  2 rime drakes (Lair:6)
  2 demonic crawlers
  A komodo dragon (Lair:2)
  17 merfolk
  2 ice devils (IceCv)
  A wind drake (Shoals:3)
  A jumping spider (Spider:4)
  3 hornets (Lair:6)
  3 slime creatures
  5 blink frogs
  3 hippogriffs
  A snapping turtle (Shoals:4)
  7 yaks
  2 water elementals (Shoals:4)
  8 redbacks
  3 tarantellas
  A wyvern (Lair:6)
  2 fire elementals
  3 hogs (Spider:4)
  A hungry ghost (D:12)
  A human (D:13)
  2 neqoxecs
  2 vampire mosquitoes (D:15)
  2 water moccasins
  2 orc warriors
  An ice beast (D:6)
  A necrophage (D:12)
  A centaur (D:15)
  2 crocodiles
  A bullfrog (Lair:3)
  A wyvern skeleton (D:11)
  A scorpion (D:6)
  A killer bee (D:7)
  A nameless horror (D:13)
  A bullfrog zombie (D:11)
  2 orc priests (Orc:2)
  2 orc wizards
  5 hell rats
  A gnoll (Bailey)
  6 orcs
  2 tentacles (Shoals:4)
199 creatures vanquished.

Vanquished Creatures (others)
  A draconian knight (Zot:1)
  An unseen horror (D:11)
  A manticore (Shoals:4)
  A jumping spider (Spider:4)
  A merfolk (Shoals:4)
  A human (D:13)
  An orc wizard (Orc:2)
  An orc (Orc:2)
  A kobold (D:15)
  14 bushes (Depths:1)
  13 fungi
  8 pillars of salt
  65 plants
  2 starspawn tentacles (Abyss:4)
  17 tentacles (Shoals:4)
  2 withered plants (Orc:2)
130 creatures vanquished.

Grand Total: 1668 creatures vanquished

Notes
Turn   | Place    | Note
-------+----------+-------------------------------------------
     0 | D:1      | EnegeticOcto the Deep Dwarf Ice Elementalist began the
                  | quest for the Orb.
     0 | D:1      | Reached XP level 1. HP: 15/15 MP: 3/3
   225 | D:1      | Reached skill level 3 in Stealth
   225 | D:1      | Reached XP level 2. HP: 22/22 MP: 1/4
   551 | D:1      | Reached skill level 4 in Ice Magic
   874 | D:2      | Reached XP level 3. HP: 21/28 MP: 2/5
   879 | D:2      | Learned a level 3 spell: Frozen Ramparts
  1068 | D:2      | Found a snail-covered altar of Cheibriados.
  1074 | D:2      | Reached skill level 4 in Stealth
  1332 | D:2      | Reached XP level 4. HP: 34/36 MP: 6/6
  1558 | D:2      | Reached skill level 5 in Ice Magic
  1850 | D:3      | Noticed Grinder
  1864 | D:3      | Found a transporter.
  1877 | D:3      | Reached XP level 5. HP: 38/42 MP: 3/7
  1923 | D:3      | Found a transporter.
  1952 | D:3      | Your magical essence is drained by the effort!
  1974 | D:3      | Noticed Ijyb
  1979 | D:3      | Reached skill level 6 in Ice Magic
  2002 | D:3      | Got a brightly glowing robe
  2013 | D:3      | Identified the +1 robe "Eckodwur" {Str+2} (You found it on
                  | level 3 of the Dungeon)
  2056 | D:3      | Reached XP level 6. HP: 49/49 MP: 3/7
  2335 | D:3      | Killed Grinder
  2335 | D:3      | Reached skill level 7 in Ice Magic
  2335 | D:3      | Reached XP level 7. HP: 51/55 MP: 8/8
  2357 | D:3      | Killed Ijyb
  2695 | D:4      | Learned a level 4 spell: Summon Ice Beast
  2822 | D:4      | Reached skill level 8 in Ice Magic
  2851 | D:4      | Found a staircase to the Ecumenical Temple.
  2860 | Temple   | Entered the Ecumenical Temple
  2867 | Temple   | Became a worshipper of Zin the Law-Giver
  2867 | Temple   | Reached * piety under Zin
  2958 | D:4      | Reached skill level 1 in Summonings
  3296 | D:4      | Found a glowing golden altar of the Shining One.
  3490 | D:4      | Reached ** piety under Zin
  3775 | D:5      | Entered Level 5 of the Dungeon
  3967 | D:5      | Reached skill level 2 in Summonings
  4285 | D:5      | Reached XP level 8. HP: 26/62 MP: 5/9
  4390 | D:5      | Reached skill level 3 in Summonings
  4494 | D:5      | Reached *** piety under Zin
  4550 | D:5      | Found a shadowy altar of Dithmenos.
  4812 | D:6      | Found Xashruso's Book Shop.
  4833 | D:6      | Got an ancient glass ring
  4838 | D:6      | Identified the ring "Tuseng" {rElec MR+ Str+2 Dex+6} (You
                  | found it on level 6 of the Dungeon)
  4877 | D:6      | Noticed Prince Ribbit
  4884 | D:6      | Killed Prince Ribbit
  4884 | D:6      | Reached skill level 4 in Summonings
  4884 | D:6      | Reached skill level 9 in Ice Magic
  4959 | D:6      | Noticed Duvessa
  4995 | D:6      | Noticed Dowan
  5006 | D:6      | Killed Duvessa
  5007 | D:6      | Killed Dowan
  5070 | D:6      | Found a glowing drain.
  5094 | Sewer    | Entered a sewer
  5335 | Sewer    | Reached skill level 5 in Summonings
  5668 | D:6      | Reached skill level 1 in Invocations
  5704 | D:6      | Found an ornate altar of the Wu Jian Council.
  5807 | D:6      | Reached skill level 2 in Invocations
  5960 | D:6      | Found a sacrificial altar of Ru.
  6006 | D:6      | Found an iron altar of Okawaru.
  6007 | D:6      | Found a burning altar of Makhleb.
  6008 | D:6      | Found a stormy altar of Qazlal.
  6021 | D:6      | Gained mutation: You passively map the area around you.
                  | [Deep Dwarf growth]
  6021 | D:6      | Reached XP level 9. HP: 63/68 MP: 10/10
  6162 | D:6      | Reached skill level 3 in Invocations
  6258 | D:6      | Reached **** piety under Zin
  6452 | D:6      | Reached skill level 4 in Invocations
  6652 | D:6      | Reached skill level 10 in Ice Magic
  6745 | D:6      | Reached skill level 5 in Invocations
  7179 | D:7      | Found a bloodstained altar of Trog.
  7279 | D:7      | Noticed Menkaure
  7288 | D:7      | Killed Menkaure
  7369 | D:7      | Got a twisted battleaxe
  7370 | D:7      | Identified the cursed +3 battleaxe of the Yoke {drain,
                  | rElec rN++ Str+7} (You found it on level 7 of the Dungeon)
  7415 | D:7      | Reached skill level 6 in Invocations
  7533 | D:7      | Found Ozxor Vovuyn's Distillery.
  7809 | D:7      | Noticed a kobold demonologist
  7924 | D:7      | Killed a kobold demonologist
  7924 | D:7      | Reached skill level 7 in Invocations
  7959 | D:7      | Reached skill level 11 in Ice Magic
  8280 | D:8      | Noticed Gastronok
  8282 | D:8      | Your magical essence is drained by the effort!
  8362 | D:8      | Found a shimmering blue altar of Sif Muna.
  8383 | D:8      | Reached XP level 10. HP: 66/75 MP: 7/13
  8640 | D:8      | Found Eses's Armour Shoppe.
  8711 | D:8      | Identified the +5 ring mail of the Unseen Realm {Dex+4}
  8735 | D:8      | Got a twisted leather armour
  8765 | D:8      | Identified the +2 leather armour "Mileqeq" {rElec rPois
                  | Str-4 Dex-3} (You found it on level 8 of the Dungeon)
  8958 | D:8      | Reached skill level 12 in Ice Magic
  9135 | D:8      | Found a staircase to the Lair.
  9288 | D:9      | Reached skill level 1 in Armour
  9288 | D:9      | Reached skill level 2 in Spellcasting
  9349 | D:9      | Found a white marble altar of Elyvilon.
  9510 | D:9      | Reached skill level 2 in Armour
  9574 | D:9      | Noticed Grum
  9732 | D:9      | Killed Grum
  9732 | D:9      | Reached skill level 3 in Spellcasting
  9732 | D:9      | Reached skill level 3 in Armour
  9868 | D:9      | Your magical essence is drained by the effort!
 10079 | D:9      | Found Kuvuxous's Assorted Antiques.
 10141 | D:9      | Found a runed translucent door.
 10141 | D:9      | Noticed ohados's ghost (novice OpTm)
 10178 | D:9      | Killed ohados's ghost
 10178 | D:9      | Reached skill level 4 in Armour
 10178 | D:9      | Reached skill level 4 in Spellcasting
 10637 | D:10     | Entered Level 10 of the Dungeon
 10954 | D:10     | Reached skill level 5 in Spellcasting
 11136 | D:10     | Found Beschununt's Gadget Boutique.
 11175 | D:10     | Bought a wand of paralysis (12) for 168 gold pieces
 11294 | D:10     | Found a staircase to the Orcish Mines.
 11304 | D:10     | Found a roughly hewn altar of Beogh.
 11316 | D:10     | Reached skill level 1 in Evocations
 11469 | Lair:1   | Entered Level 1 of the Lair of Beasts
 11622 | Lair:1   | Noticed a spiny frog
 11649 | Lair:1   | Killed a spiny frog
 11649 | Lair:1   | Reached skill level 2 in Evocations
 11673 | Lair:1   | Reached XP level 11. HP: 57/81 MP: 12/16
 11791 | Lair:1   | Reached skill level 3 in Evocations
 11926 | Lair:1   | Reached ***** piety under Zin
 12178 | Lair:1   | Noticed a six-headed hydra
 12195 | Lair:1   | Killed a six-headed hydra
 12195 | Lair:1   | Reached skill level 6 in Spellcasting
 12195 | Lair:1   | Reached skill level 4 in Evocations
 12258 | Lair:1   | Reached skill level 5 in Evocations
 12266 | Lair:1   | Reached skill level 1 in Fighting
 12701 | Lair:2   | Reached skill level 3 in Dodging
 12901 | Lair:2   | Reached skill level 2 in Fighting
 13407 | Lair:2   | Found a staircase to the Shoals.
 13551 | Lair:3   | Noticed a seven-headed hydra
 13566 | Lair:3   | Reached skill level 4 in Dodging
 13572 | Lair:3   | Got a scorched leather armour
 13590 | Lair:2   | Identified the +0 leather armour of Eternity {*Slow +Fly
                  | rPois Str-5} (You found it on level 3 of the Lair of
                  | Beasts)
 13658 | Lair:3   | You fall into a shaft and drop 1 floor!
 13659 | Lair:4   | Noticed a four-headed hydra
 13669 | Lair:4   | Killed a four-headed hydra
 13669 | Lair:4   | Reached skill level 3 in Fighting
 13669 | Lair:4   | Reached skill level 6 in Summonings
 13775 | Lair:4   | Reached skill level 5 in Dodging
 13875 | Lair:4   | Reached skill level 1 in Shields
 13887 | Lair:4   | Reached skill level 4 in Fighting
 13890 | Lair:4   | Reached skill level 2 in Shields
 14358 | Lair:4   | Noticed a seven-headed hydra
 14389 | Lair:4   | Killed a seven-headed hydra
 14389 | Lair:4   | Reached skill level 6 in Dodging
 14389 | Lair:4   | Reached skill level 3 in Shields
 14389 | Lair:4   | Reached skill level 7 in Summonings
 14389 | Lair:4   | Reached XP level 12. HP: 60/99 MP: 11/18
 14479 | Lair:4   | Reached skill level 4 in Shields
 14510 | Lair:4   | Found a basalt altar of Yredelemnul.
 14894 | Lair:4   | Found a hole to the Spider Nest.
 15313 | Lair:3   | Reached skill level 8 in Summonings
 15414 | Lair:3   | Reached skill level 8 in Invocations
 15726 | Lair:3   | Reached skill level 9 in Invocations
 15886 | Lair:3   | Killed a seven-headed hydra
 15887 | Lair:3   | Reached skill level 10 in Invocations
 15980 | Lair:3   | Noticed a five-headed hydra
 16012 | Lair:3   | Killed a five-headed hydra
 16181 | Lair:3   | Found a large runed translucent door.
 16181 | Lair:3   | Found a large runed translucent door.
 16184 | Lair:3   | Noticed Morbidden's ghost (journeyman DsAE)
 16662 | Lair:5   | Reached skill level 11 in Invocations
 17051 | Lair:5   | Reached skill level 12 in Invocations
 17421 | Lair:5   | Noticed a six-headed hydra
 17443 | Lair:5   | Killed a six-headed hydra
 17587 | Lair:5   | Reached skill level 13 in Invocations
 17703 | Lair:5   | Your magical essence is drained by the effort!
 17817 | Lair:5   | Noticed a six-headed hydra
 17851 | Lair:5   | Killed a six-headed hydra
 18052 | Lair:6   | Entered Level 6 of the Lair of Beasts
 18116 | Lair:6   | Found a runed translucent door.
 18116 | Lair:6   | Noticed an anaconda
 18323 | D:11     | Reached ****** piety under Zin
 18330 | D:11     | Noticed Fannar
 18439 | D:11     | Reached XP level 13. HP: 63/105 MP: 11/19
 18690 | D:11     | Reached skill level 14 in Invocations
 19389 | D:11     | Got a jewelled ring mail
 20153 | D:11     | Learned a level 2 spell: Sticks to Snakes
 20370 | D:12     | Reached skill level 1 in Transmutations
 20483 | D:12     | Reached skill level 2 in Transmutations
 20499 | D:12     | Reached skill level 15 in Invocations
 20594 | D:12     | Found a flagged portal.
 20600 | Bailey   | Entered a bailey
 20853 | Bailey   | Reached skill level 3 in Transmutations
 21350 | D:12     | Reached skill level 4 in Transmutations
 21724 | D:12     | Your magical essence is drained by the effort!
 22321 | D:13     | Noticed Erolcha
 22336 | D:13     | Killed Erolcha
 22336 | D:13     | Reached skill level 5 in Transmutations
 22447 | D:13     | Got a smoking whip
 22448 | D:13     | Identified the cursed +1 whip of the Genius {drain, Str+2}
                  | (You found it on level 13 of the Dungeon)
 22572 | D:13     | Reached skill level 7 in Spellcasting
 23018 | D:13     | Noticed Nessos
 23029 | D:13     | Killed Nessos
 23204 | D:13     | Reached skill level 8 in Spellcasting
 23464 | D:13     | Gained mutation: You resist negative energy. (rN+) [Deep
                  | Dwarf growth]
 23464 | D:13     | Reached XP level 14. HP: 65/114 MP: 14/21
 23469 | D:13     | Reached skill level 9 in Spellcasting
 23617 | D:13     | Found a gate to the Vaults.
 24019 | D:14     | Noticed Jorgrun
 24056 | D:14     | Killed Jorgrun
 24185 | D:14     | Your magical essence is drained by the effort!
 24353 | D:14     | Your magical essence is drained by the effort!
 24459 | D:14     | Upgraded the game from 0.26-a0-6-g448add79b7 to
                  | 0.26-a0-18-g135ff06667
 24473 | D:14     | Reached skill level 10 in Spellcasting
 24701 | D:14     | Found a portal to a secret trove of treasure.
 25118 | D:14     | Reached skill level 5 in Shields
 25505 | D:15     | Entered Level 15 of the Dungeon
 25678 | D:15     | Reached skill level 6 in Shields
 25791 | D:15     | Reached skill level 7 in Shields
 25975 | D:15     | Your magical essence is drained by the effort!
 26183 | D:15     | Reached skill level 8 in Shields
 26533 | D:15     | Identified the +5 ring mail of the Ego {rElec rN+ Str+2
                  | Int-5} (You found it on level 11 of the Dungeon)
 26626 | D:15     | Reached skill level 9 in Shields
 26911 | D:15     | Found a staircase to the Depths.
 26911 | D:15     | Noticed an emperor scorpion
 27119 | D:15     | Killed an emperor scorpion
 27250 | D:15     | Reached skill level 10 in Shields
 27748 | Orc:1    | Entered Level 1 of the Orcish Mines
 27970 | Orc:1    | Noticed Urug
 27996 | Orc:1    | Killed Urug
 28421 | Orc:2    | Entered Level 2 of the Orcish Mines
 28827 | Orc:2    | Found a staircase to the Elven Halls.
 28875 | Orc:2    | Found a roughly hewn altar of Beogh.
 29007 | Orc:2    | Reached skill level 11 in Shields
 29181 | Orc:2    | Your magical essence is drained by the effort!
 29643 | Orc:2    | Found a runed translucent door.
 29644 | Orc:2    | Noticed ICC's ghost (journeyman VSFi)
 29797 | Orc:2    | Your magical essence is drained by the effort!
 30121 | Orc:2    | Reached XP level 15. HP: 57/120 MP: 11/19
 30147 | Orc:2    | Your magical essence is drained by the effort!
 30410 | Orc:2    | Found Wady's Distillery.
 30410 | Orc:2    | Found Jaf Weq's Jewellery Boutique.
 30412 | Orc:2    | Found Hiapn's Food Shoppe.
 30412 | Orc:2    | Found Wynonku's General Store.
 30421 | Orc:2    | Bought a potion of invisibility for 144 gold pieces
 30630 | D:8      | Reached skill level 12 in Shields
 31380 | Lair:6   | Your magical essence is drained by the effort!
 31855 | Lair:6   | Reached skill level 13 in Shields
 32010 | Lair:6   | Your magical essence is drained by the effort!
 32431 | Lair:6   | Your magical essence is drained by the effort!
 32814 | Lair:6   | Found a runed translucent gate.
 32814 | Lair:6   | Found a runed translucent gate.
 32814 | Lair:6   | Found a runed translucent gate.
 32814 | Lair:6   | Noticed Masnef's ghost (journeyman TrMo)
 32929 | Lair:6   | Reached skill level 14 in Shields
 33265 | D:6      | Bought a book of Geomancy for 455 gold pieces
 33267 | D:6      | Learned a level 1 spell: Sandblast
 33272 | D:6      | Learned a level 4 spell: Petrify
 33470 | Lair:6   | Found a viscous altar of Jiyva.
 33533 | Lair:6   | Found a staircase to the Slime Pits.
 33665 | Lair:6   | Reached skill level 1 in Earth Magic
 34150 | Lair:6   | Reached skill level 2 in Earth Magic
 34286 | Lair:6   | Reached skill level 3 in Earth Magic
 34710 | Spider:1 | Entered Level 1 of the Spider Nest
 34715 | Spider:1 | Reached skill level 4 in Earth Magic
 34728 | Lair:4   | Your magical essence is drained by the effort!
 34895 | Shoals:1 | Entered Level 1 of the Shoals
 34917 | Shoals:1 | Reached skill level 5 in Earth Magic
 35253 | Shoals:1 | Learned a level 1 spell: Apportation
 35254 | Shoals:1 | Found Zostium's Gadget Shoppe.
 35268 | Shoals:1 | Learned a level 2 spell: Passwall
 35332 | Shoals:1 | Reached skill level 6 in Earth Magic
 36541 | Shoals:2 | Reached skill level 7 in Earth Magic
 36812 | Shoals:2 | Reached skill level 15 in Shields
 37430 | Shoals:2 | Reached skill level 8 in Earth Magic
 37612 | Shoals:2 | Learned a level 2 spell: Blink
 37965 | Shoals:3 | Reached XP level 16. HP: 69/127 MP: 0/15
 38091 | Shoals:3 | Reached skill level 6 in Evocations
 38197 | Shoals:3 | Reached skill level 9 in Earth Magic
 38676 | Shoals:4 | Entered Level 4 of the Shoals
 38836 | Shoals:4 | Was placed under penance by Zin
 38838 | Shoals:4 | Reached skill level 7 in Evocations
 39337 | Shoals:3 | Reached skill level 8 in Evocations
 39461 | Shoals:3 | Your magical essence is drained by the effort!
 39593 | Shoals:4 | Noticed Polyphemus
 39597 | Shoals:4 | Your magical essence is drained by the effort!
 39612 | Shoals:4 | Killed Polyphemus
 39717 | Shoals:4 | Reached skill level 9 in Evocations
 39931 | Shoals:4 | Identified a scroll of acquirement
 39932 | Shoals:4 | Found the -2 hat of the Alchemist {rElec rPois rF+ rC+ rN+
                  | MR+ rMut rCorr}
 39932 | Shoals:4 | Got the -2 hat of the Alchemist {rElec rPois rF+ rC+ rN+
                  | MR+ rMut rCorr}
 40121 | Shoals:4 | Reached skill level 16 in Invocations
 40259 | Shoals:4 | Got a wizard robe
 40270 | Shoals:4 | Identified the +1 robe of the Postmodern Visions {rElec rF+
                  | rC+} (You found it on level 4 of the Shoals)
 40617 | Shoals:4 | Learned a level 4 spell: Summon Lightning Spire
 41036 | Shoals:4 | Learned a level 6 spell: Iron Shot
 41066 | Shoals:4 | Noticed a kraken
 41121 | Shoals:4 | Killed a kraken
 41121 | Shoals:4 | Reached skill level 1 in Conjurations
 41121 | Shoals:4 | Reached skill level 10 in Evocations
 41155 | Shoals:4 | Got a barnacled rune of Zot
 41705 | Lair:5   | Was forgiven by Zin
 42132 | Orc:2    | Killed ICC's ghost
 42432 | Spider:2 | Reached skill level 2 in Conjurations
 42548 | Spider:2 | Noticed Arachne
 42559 | Spider:2 | Found a frozen archway.
 42567 | IceCv    | Entered an ice cave
 42893 | IceCv    | Noticed an Ice Fiend
 42978 | Spider:2 | Noticed Donald
 43149 | Spider:3 | Reached skill level 3 in Conjurations
 43207 | Spider:4 | Entered Level 4 of the Spider Nest
 43802 | Spider:4 | Reached skill level 17 in Invocations
 43897 | Spider:4 | Reached skill level 4 in Conjurations
 44958 | Spider:4 | Reached skill level 5 in Conjurations
 44958 | Spider:4 | Reached skill level 10 in Earth Magic
 45269 | Spider:4 | Noticed Kirke
 45279 | Spider:4 | Reached XP level 17. HP: 59/133 MP: 12/14
 45281 | Spider:4 | Killed Kirke
 45632 | Spider:4 | Your magical essence is drained by the effort!
 45634 | Spider:4 | Reached skill level 7 in Conjurations
 45634 | Spider:4 | Gained mutation: You passively map a large area around you.
                  | [Deep Dwarf growth]
 45634 | Spider:4 | Reached XP level 18. HP: 124/141 MP: 14/14
 45916 | Spider:4 | Learned a level 3 spell: Stone Arrow
 45965 | Spider:4 | Reached skill level 11 in Earth Magic
 45986 | Spider:4 | Got a gossamer rune of Zot
 46353 | Spider:1 | Reached skill level 8 in Conjurations
 46657 | D:8      | Killed Gastronok
 46657 | D:8      | Reached skill level 12 in Earth Magic
 46780 | Orc:2    | Bought the ring of Robustness {AC+8} for 1920 gold pieces
 46780 | Orc:2    | Found the ring of Robustness {AC+8}
 46854 | Elf:1    | Entered Level 1 of the Elven Halls
 47184 | Shoals:1 | Learned a level 5 spell: Lee's Rapid Deconstruction
 47630 | Elf:1    | Reached skill level 13 in Earth Magic
 48293 | Elf:1    | Your magical essence is drained by the effort!
 48422 | Elf:1    | Reached skill level 14 in Earth Magic
 48962 | Elf:1    | Found Methroyl's General Store.
 50061 | Elf:2    | Learned a level 3 spell: Mephitic Cloud
 50967 | Elf:2    | Your magical essence is drained by the effort!
 50970 | Elf:3    | Entered Level 3 of the Elven Halls
 51302 | Elf:3    | Reached skill level 9 in Conjurations
 52695 | Elf:3    | Your magical essence is drained by the effort!
 52710 | Elf:3    | Reached skill level 18 in Invocations
 53221 | Elf:3    | Reached skill level 13 in Ice Magic
 53753 | Elf:3    | Reached XP level 19. HP: 114/147 MP: 10/12
 54255 | Elf:3    | Your magical essence is drained by the effort!
 56387 | Elf:3    | Reached skill level 14 in Ice Magic
 57352 | Elf:3    | Your magical essence is drained by the effort!
 57649 | Elf:2    | Your magical essence is drained by the effort!
 58344 | Elf:3    | Reached skill level 15 in Ice Magic
 58465 | Elf:3    | Noticed a Brimstone Fiend
 59940 | Elf:3    | Identified the Catalogue of Calling and Snow
 59949 | Elf:3    | Identified the +10 flail of the Sea {freeze, rElec rPois
                  | Int+2 SInv} (You found it on level 3 of the Elven Halls)
 59980 | Elf:3    | Got a coiled ivory ring
 59981 | Elf:3    | Identified the ring of the Well-Known Knives {*Tele Int+3}
                  | (You found it on level 3 of the Elven Halls)
 60466 | Lair:6   | Learned a level 6 spell: Ozocubu's Refrigeration
 60765 | Vaults:1 | Entered Level 1 of the Vaults
 62395 | Vaults:1 | Found a large runed translucent door.
 62395 | Vaults:1 | Found a large runed translucent door.
 62395 | Vaults:1 | Found a large runed translucent door.
 62395 | Vaults:1 | Found a large runed translucent door.
 62395 | Vaults:1 | Found a large runed translucent door.
 62395 | Vaults:1 | Found a large runed translucent door.
 62395 | Vaults:1 | Found a large runed translucent door.
 62395 | Vaults:1 | Found a large runed translucent door.
 62395 | Vaults:1 | Noticed Plog's ghost (adept FeBe)
 62593 | Vaults:1 | Reached skill level 16 in Ice Magic
 63377 | D:7      | Bought a potion of heal wounds for 60 gold pieces
 63377 | D:7      | Bought a potion of heal wounds for 60 gold pieces
 63377 | D:7      | Bought a potion of heal wounds for 60 gold pieces
 63377 | D:7      | Bought a potion of heal wounds for 60 gold pieces
 63441 | D:9      | Bought a potion of heal wounds for 120 gold pieces
 63871 | Vaults:2 | Found a staircase to the Crypt.
 63935 | Vaults:2 | Noticed Mennas
 64559 | Vaults:2 | Found Yckuanam's Magic Scroll Emporium.
 64698 | Vaults:2 | Bought a scroll of fog for 44 gold pieces
 64698 | Vaults:2 | Bought a scroll of fog for 44 gold pieces
 64992 | Orc:2    | Bought the +1 buckler "Rickafam" {+Inv rF- MR+ Int+9} for
                  | 738 gold pieces
 65307 | Vaults:2 | Reached XP level 20. HP: 145/154 MP: 10/10
 65460 | Vaults:2 | Reached skill level 11 in Spellcasting
 65863 | Vaults:2 | Your magical essence is drained by the effort!
 65867 | Vaults:2 | Your magical essence is drained by the effort!
 66029 | Vaults:2 | Noticed Sojobo
 66037 | Vaults:2 | Killed Sojobo
 66074 | Vaults:2 | Your magical essence is drained by the effort!
 66076 | Vaults:2 | Your magical essence is drained by the effort!
 66414 | Vaults:2 | Identified the Grimoire of Poisonous Talismans
 66812 | Vaults:2 | Reached skill level 17 in Ice Magic
 66921 | Vaults:1 | Your magical essence is drained by the effort!
 67035 | Vaults:2 | Reached skill level 12 in Spellcasting
 67502 | Vaults:2 | Reached skill level 7 in Dodging
 67887 | Vaults:3 | Found a flickering gateway to a bazaar.
 67909 | Bazaar   | Entered a bazaar
 67909 | Bazaar   | Found Weorep's Antique Armour Shoppe.
 67909 | Bazaar   | Found Woxi Keo's Assorted Antiques.
 67934 | Bazaar   | Found Erhun's Antique Armour Shoppe.
 67948 | Bazaar   | Found Mublapn's Book Emporium.
 67970 | Bazaar   | Bought a wizard robe for 136 gold pieces
 67970 | Bazaar   | Identified the +2 robe of Courage {*Corrode rPois rN+ MR+}
                  | (You bought it in a shop in a bazaar)
 67982 | Bazaar   | Bought a potion of curing for 72 gold pieces
 67982 | Bazaar   | Bought a potion of curing for 72 gold pieces
 67982 | Bazaar   | Bought a pair of glowing boots for 180 gold pieces
 67999 | Bazaar   | Bought a pair of embroidered boots for 150 gold pieces
 68684 | Depths:1 | Entered Level 1 of the Depths
 69095 | Depths:2 | Found Etiacs's Gadget Emporium.
 69096 | Depths:2 | Found Cesuch's Jewellery Shop.
 69096 | Depths:2 | Found Diom's Jewellery Shop.
 69113 | Depths:2 | Bought a wand of acid (6) for 220 gold pieces
 69229 | Depths:4 | Reached skill level 5 in Fighting
 69463 | Depths:4 | Found a one-way gate leading to the halls of Pandemonium.
 69748 | Depths:4 | Found a gateway to a ziggurat.
 69843 | Depths:4 | Found a gateway to Hell.
 69911 | Depths:4 | Reached skill level 8 in Dodging
 70181 | Depths:4 | Found a one-way gate to the infinite horrors of the Abyss.
 70204 | Depths:4 | Your magical essence is drained by the effort!
 70207 | Depths:4 | Voluntarily entered the Abyss.
 70332 | Abyss:2  | Found an iron altar of Okawaru.
 70537 | Abyss:2  | Reached skill level 6 in Fighting
 70647 | Abyss:3  | Found a corrupted altar of Lugonu.
 70799 | Abyss:3  | Found a glowing golden altar of the Shining One.
 70809 | Abyss:3  | Noticed a juggernaut
 70812 | Abyss:3  | Got an abyssal rune of Zot
 70814 | Abyss:3  | Your magical essence is drained by the effort!
 71064 | Abyss:4  | Your magical essence is drained by the effort!
 71128 | Depths:4 | Escaped the Abyss
 71141 | Depths:4 | Reached skill level 7 in Fighting
 71194 | Depths:5 | Entered Level 5 of the Depths
 71249 | Depths:5 | Reached XP level 21. HP: 68/172 MP: 0/5
 71256 | Depths:5 | Your magical essence is drained by the effort!
 71286 | Depths:5 | Your magical essence is drained by the effort!
 71289 | Depths:5 | Your magical essence is drained by the effort!
 71771 | Depths:5 | Reached skill level 13 in Spellcasting
 72356 | Depths:5 | Found a gate to the Realm of Zot.
 72386 | Zot:1    | Entered Level 1 of the Realm of Zot
 72486 | Zot:1    | HP: 7/175 [purple draconian/bolt of dispelling energy (39)]
 72491 | Zot:1    | Your magical essence is drained by the effort!
 72494 | Zot:1    | Reached skill level 8 in Fighting
 72542 | Depths:5 | Your magical essence is drained by the effort!
 72544 | Depths:5 | Your magical essence is drained by the effort!
 72915 | Zot:2    | Noticed an orb of fire
 72917 | Zot:2    | HP: 3/177 [purple draconian annihilator/iron shot (21)]
 72919 | Zot:2    | Zin protects you from harm!
 72933 | Zot:3    | HP: 4/177 [yellow draconian/glob of acid (7)]
 72933 | Zot:3    | Splashed by a yellow draconian's acid

Illustrated notes

Levels and vault maps discovered:
D:1:      minmay_arrival_nine_rooms, layout_rooms
D:2:      layout_loops_ring, kennysheep_slug_shrine, minmay_misc_feat_enclosed
D:3:      gammafunk_steamed_eel, layout_rooms, uniq_grinder, uniq_ijyb
D:4:      layout_loops_ring, tso_altar, minmay_temple_entry_grid,
          minmay_misc_feat_alley, dk_noncrumbling_3, st_stairs_10,
          hangedman_glass_teeth
D:5:      layout_cave_pools, grunt_dithmenos_smoke_and_mirrors, first_ration,
          minmay_misc_feat_tower
D:6:      layout_loops_cross, kennysheep_mini_moat, nicolae_ru_path_of_blood,
          minitemple, serial_shops, shop, portal_sewer_entry_d, uniq_duvessa,
          uniq_prince_ribbit1
D:7:      minmay_chambers_of_sixes, layout_loops_cross, serial_shops,
          nicolae_shop_competitors_out_of_business, bloody_trog, uniq_menkaure
D:8:      layout_basic, grunt_lair_entry_orc_guard_hut, basic_altar,
          serial_shops, shop, grunt_livestock, uniq_gastronok
D:9:      layout_stronghold, marbit_many_paths, ebering_ghost_reflecting_pool,
          serial_shops, nicolae_shop_overgrown_old_shop, uniq_grum
D:10:     layout_basic, minmay_orc_entry_temple_small, serial_shops,
          nicolae_shop_trees, hangedman_decor_slide_cut
D:11:     layout_stronghold, st_stairs_7, minmay_fractal_squares_gapless_7,
          uniq_fannar
D:12:     cheibrodos_fzero, layout_basic, enter_bailey_2,
          nrook_guardian_serpent_double
D:13:     layout_loops_ring, ximxim_vaults_locker_room, uniq_erolcha,
          uniq_nessos
D:14:     layout_irregular_city, enter_trove_2, hangedman_decor_push,
          uniq_jorgrun
D:15:     hangedman_depths_entry_try_elsewhere_first, layout_long_grid
Temple:   cyrus_circular_temple
Lair:1:   layout_loops_ring, grunt_megastairs_2
Lair:2:   layout_gridlike, shoals_dummy_entry, lemuel_fruit_tree,
          serial_bayou_shore_b
Lair:3:   layout_roguey [special_room_bee], ebering_ghost_disaster_area
Lair:4:   layout_roguey, spider_nest_entry_webs, basic_altar, st_stairs_10
Lair:5:   layout_loops_ring, grunt_megastairs_1, infiniplex_staircase_pool_2,
          minmay_lair_oklob_chamber
Lair:6:   gammafunk_lair_ancient_temple, layout_hall_layers, slime_altar_2,
          ebering_ghost_rock_garden, serial_bayou_lake_a
Shoals:1: layout_shoals, nicolae_shoals_c_island
Shoals:2: layout_shoals, nicolae_shoals_hunting_party
Shoals:3: layout_shoals
Shoals:4: shoals_end_hangedman, layout_shoals, uniq_polyphemus
Spider:1: layout_spider_delve, hangedman_spider_mandibles
Spider:2: layout_spider_delve, portal_ice_cave_entry_dragon, uniq_arachne,
          uniq_donald
Spider:3: layout_spider_delve
Spider:4: grunt_spider_rune_circles, uniq_kirke
Orc:1:    layout_diamond_mine, uniq_urug
Orc:2:    grunt_orc_tribal_feast, layout_caves, gammafunk_ghost_grave,
          mines2_david
Elf:1:    eino_elf_arrival_customs, layout_onion_city, serial_shops,
          nicolae_shop_crystal, evilmike_minifort, lemuel_flamethrower_1
Elf:2:    layout_gridlike
Elf:3:    minmay_elf_hall_hex, layout_onion_city
Vaults:1: advil_vaults_ghost_lines, v_misc_9, v_misc_24, vaults_dpeg_doors,
          nicolae_vaults_network_s, ontoclasm_vaults_loading_screen,
          nicolae_vaults_sealed_display, v_misc_9,
          ontoclasm_vaults_loading_screen, v_misc_11, dpeg_vaults_monster_box,
          layout_vaults_quadrants
Vaults:2: minmay_crypt_entry_simple_statues, vaults_room_fancy_cross,
          vaults_room_fancy_cross, v_rooms_4, st_greater_box_4, v_rooms_3,
          ontoclasm_vaults_gateway, hangedman_vaults_maws, v_misc_26,
          hangedman_vaults_snaps, grunt_vaults_focal, layout_vaults_omnibox,
          serial_shops, shop, uniq_mennas, uniq_sojobo
Vaults:3: advil_vaults_ghost_guards, nicolae_vaults_little_ls,
          nicolae_vaults_quadrants, nicolae_vaults_little_squares_2,
          nicolae_vaults_border_crossing, hangedman_vaults_maws,
          hangedman_vaults_maws, hangedman_vaults_stretched_pinwheel,
          vaults_room_door_ring, nicolae_vaults_theta,
          nicolae_vaults_angled_halls, vaults_dpeg_encased_lava,
          layout_vaults_big_room, serial_shops, bzr_in_the_mist
Vaults:4: vaults_mumra_minichess, v_misc_8, nicolae_vaults_circle_grid_b,
          v_pattern_4, vaults_room_door_hall, v_misc_2, hangedman_vaults_stream,
          vaults_room_grid, ontoclasm_vaults_gallery,
          nicolae_vaults_circle_grid_a, vaults_dpeg_ring,
          nicolae_vaults_mini_display_case, layout_vaults_omnicross
Depths:1: minmay_curly_fans, layout_cave_shapes, hangedman_coc_ice_floe,
          basic_altar, grunt_decor_fettered, drop_trap, minmay_hedge_maze,
          fountainhead, minmay_misc_feat_iff, kennysheep_generic_room_2
Depths:2: grunt_double_whammy, layout_gridlike, nicolae_lava_and_water,
          grunt_hell_entry_dis_grunt, serial_shops, nicolae_shop_trees,
          minmay_shop_grove, grunt_megastairs_4, minmay_staircase_bubble,
          serial_bayou_shore_a
Depths:3: hangedman_arrow_trap, layout_cave_pools,
          hangedman_abyss_or_decor_lesser_grid, grunt_mini_vestibule,
          rand_demon_pan_entry_8, nrook_loot_triangle, door_vault,
          uniq_bai_suzhen
Depths:4: minmay_nine_rooms, layout_basic, enter_ziggurat_d,
          kennysheep_pointless_box, hell_entry, rand_demon_pan_entry_3,
          hangedman_abyss_entry_splay
Depths:5: evilmike_zot_entry_diamond, layout_gridlike,
          nicolae_abyss_entry_one_way_or_another, solitary_fountain, hell_entry,
          gammafunk_ghost_berserking_beasts
Zot:1:    layout_basic
Zot:2:    layout_misc_corridors, lemuel_golem_globe
Zot:3:    nicolae_zot_stationary_front, layout_basic, st_stairs_14

Skill      XL: |  1  2  3  4  5  6  7  8  9 10 11 12 13 14 15 16 17 18 19 20 21 |
---------------+----------------------------------------------------------------+-----
Stealth        | 3 4 |  4.0
Ice Magic      | 4 5 6 7 8 9 11 12 13 16 17 | 17.0
Summonings     | 2 5 7 8 |  8.0
Invocations    | 2 7 13 15 17 18 | 18.0
Armour         | 4 |  4.0
Spellcasting   | 5 6 8 10 12 13 | 13.4
Evocations     | 2 5 10 | 10.0
Fighting       | 4 7 8 |  8.6
Dodging        | 6 8 |  8.0
Shields        | 3 4 11 15 | 15.0
Transmutations | 5 |  5.0
Earth Magic    | 8 10 14 | 14.0
Conjurations   | 5 7 9 |  9.0
Air Magic      | |  0.5

Action                   |  1- 3 |  4- 6 |  7- 9 | 10-12 | 13-15 | 16-18 | 19-21 || total
-------------------------+-------+-------+-------+-------+-------+-------+-------++-------
Melee: Whip              |    10 |       |       |       |       |       |       ||    10
       Club              |     1 |       |       |       |       |       |       ||     1
       Dagger            |     8 |       |       |       |    93 |    22 |     7 ||   130
       Hunting sling     |       |       |       |       |     1 |       |       ||     1
       Staff             |       |       |       |       |       |     2 |    12 ||    14
 Fire: Hunting sling     |    36 |    40 |   233 |   401 |   704 |   113 |       ||  1527
Throw: Stone             |    15 |       |       |       |    27 |       |     1 ||    43
       Dart              |       |       |       |       |    14 |    15 |    56 ||    85
 Cast: Freeze            |    26 |    12 |    50 |   133 |   201 |    98 |       ||   520
       Frozen Ramparts   |       |    12 |    56 |   111 |   184 |   105 |    27 ||   495
       Summon Ice Beast  |       |       |    12 |    23 |   162 |   241 |    25 ||   463
       Sticks to Snakes  |       |       |       |       |    47 |    81 |     3 ||   131
       Sandblast         |       |       |       |       |    37 |   201 |   183 ||   421
       Passwall          |       |       |       |       |     1 |     3 |    18 ||    22
       Apportation       |       |       |       |       |       |    23 |    17 ||    40
       Blink             |       |       |       |       |       |    16 |     5 ||    21
       Lee's Rapid Decon |       |       |       |       |       |   103 |   109 ||   212
       Stone Arrow       |       |       |       |       |       |    54 |   161 ||   215
       Petrify           |       |       |       |       |       |     9 |       ||     9
       Iron Shot         |       |       |       |       |       |     3 |    38 ||    41
       Mephitic Cloud    |       |       |       |       |       |     1 |       ||     1
       Ozocubu's Refrige |       |       |       |       |       |       |    89 ||    89
Invok: Recite            |       |       |    11 |     3 |    30 |    32 |    39 ||   115
       Imprison          |       |       |       |     2 |       |     1 |       ||     3
       Vitalisation      |       |       |       |       |     3 |     4 |     3 ||    10
       Sanctuary         |       |       |       |       |     1 |     1 |     2 ||     4
 Abil: Heal Wounds       |       |     4 |     5 |     8 |    26 |    42 |    43 ||   128
       Evoke Invisibilit |       |       |       |       |       |       |    10 ||    10
       Stop Flying       |       |       |       |       |       |       |     1 ||     1
Evoke: Wand              |       |    16 |     8 |       |    76 |    35 |    41 ||   176
       Tin of tremorston |       |       |       |       |     7 |     5 |    11 ||    23
       Phantom mirror    |       |       |       |       |       |     1 |       ||     1
       Phial of floods   |       |       |       |       |       |       |     3 ||     3
       Lightning rod     |       |       |       |       |       |       |     7 ||     7
  Use: Scroll            |     6 |     2 |    12 |    10 |    18 |    21 |    23 ||    92
       Potion            |       |       |       |       |    10 |    10 |    40 ||    60
 Stab: Sleeping          |     1 |       |       |       |       |       |       ||     1
       Paralysed         |       |       |       |       |    15 |     8 |     7 ||    30
       Confused          |       |       |       |       |     3 |     1 |       ||     4
       Petrified         |       |       |       |       |       |     7 |       ||     7
  Eat: Chunk             |     2 |     4 |    20 |    28 |    21 |     5 |     1 ||    81
       Ration            |       |       |     3 |     3 |    15 |    21 |    31 ||    73
Armor: Robe              |     6 |     1 |     8 |     1 |       |       |       ||    16
       Leather armour    |       |       |    18 |    15 |       |       |       ||    33
       Ring mail         |       |       |       |    83 |   196 |   179 |   161 ||   619
Dodge: Dodged            |    25 |     6 |    56 |   135 |   370 |   197 |   183 ||   972
Block: Buckler           |       |       |       |    16 |    42 |       |   134 ||   192
       Reflection        |       |       |       |       |    57 |    22 |       ||    79
       Kite shield       |       |       |       |       |   287 |   397 |    55 ||   739

Table legend:
 A = Non-vault XP
 B = Vault XP
 C = Vault XP percentage of total XP
 D = Non-vault monster count
 E = Vault monster count
 F = Vault count percentage of total count
                 A         B        C        D         E       F
            +---------+---------+-------+---------+---------+-------
      Total |  304016 |  242902 |  44.4 |    1071 |     465 |  30.3
            +---------+---------+-------+---------+---------+-------
        D:1 |      34 |       0 |   0.0 |      20 |       0 |   0.0
        D:2 |     143 |       4 |   2.7 |      28 |       1 |   3.4
        D:3 |     213 |     501 |  70.2 |      26 |       5 |  16.1
        D:4 |     168 |      39 |  18.8 |      18 |       1 |   5.3
        D:5 |     603 |       0 |   0.0 |      23 |       0 |   0.0
        D:6 |    1487 |     507 |  25.4 |      23 |       4 |  14.8
        D:7 |     557 |     866 |  60.9 |      10 |       7 |  41.2
        D:8 |    1582 |    2902 |  64.7 |      35 |      10 |  22.2
        D:9 |    1466 |    1342 |  47.8 |      24 |       7 |  22.6
       D:10 |     403 |     232 |  36.5 |       7 |       6 |  46.2
       D:11 |    1971 |    3659 |  65.0 |      15 |      10 |  40.0
       D:12 |    5395 |    3447 |  39.0 |      44 |      15 |  25.4
       D:13 |    9022 |    6858 |  43.2 |      27 |      13 |  32.5
       D:14 |    3973 |    2371 |  37.4 |      21 |       1 |   4.5
       D:15 |   15687 |    2847 |  15.4 |      61 |       3 |   4.7
     Lair:1 |    2631 |     479 |  15.4 |      12 |       3 |  20.0
     Lair:2 |    1894 |       0 |   0.0 |      10 |       0 |   0.0
     Lair:3 |    4367 |    1702 |  28.0 |      16 |      24 |  60.0
     Lair:4 |    9573 |     910 |   8.7 |      46 |       3 |   6.1
     Lair:5 |    6985 |    1427 |  17.0 |      29 |       7 |  19.4
     Lair:6 |   15282 |    8836 |  36.6 |      54 |      35 |  39.3
   Shoals:1 |    8344 |       0 |   0.0 |      24 |       0 |   0.0
   Shoals:2 |    5411 |    3042 |  36.0 |      13 |       8 |  38.1
   Shoals:3 |    8811 |       0 |   0.0 |      24 |       0 |   0.0
   Shoals:4 |    9871 |   17372 |  63.8 |      29 |      27 |  48.2
   Spider:1 |    9305 |       0 |   0.0 |      30 |       0 |   0.0
   Spider:2 |    3360 |       0 |   0.0 |      13 |       0 |   0.0
   Spider:3 |    2687 |       0 |   0.0 |       7 |       0 |   0.0
   Spider:4 |   17541 |   13122 |  42.8 |      56 |      32 |  36.4
      Orc:1 |    1203 |     804 |  40.1 |      20 |       1 |   4.8
      Orc:2 |    3291 |    6993 |  68.0 |      47 |      34 |  42.0
      Elf:1 |   26228 |    3952 |  13.1 |      41 |       8 |  16.3
      Elf:2 |   15659 |       0 |   0.0 |      27 |       0 |   0.0
      Elf:3 |   20591 |   59592 |  74.3 |      37 |      40 |  51.9
   Vaults:1 |   11930 |   11896 |  49.9 |      27 |      19 |  41.3
   Vaults:2 |   17408 |   57367 |  76.7 |      35 |      59 |  62.8
   Vaults:3 |    3169 |       0 |   0.0 |      10 |       0 |   0.0
   Vaults:4 |     535 |       0 |   0.0 |       1 |       0 |   0.0
   Depths:1 |     377 |       0 |   0.0 |       1 |       0 |   0.0
   Depths:2 |    2218 |    2649 |  54.4 |       5 |       2 |  28.6
   Depths:4 |   14168 |    5073 |  26.4 |      18 |       7 |  28.0
   Depths:5 |    3444 |    9964 |  74.3 |       3 |       9 |  75.0
      Zot:1 |   14894 |       0 |   0.0 |      10 |       0 |   0.0
      Zot:2 |    3814 |    5379 |  58.5 |       5 |       2 |  28.6
    Abyss:1 |     797 |       0 |   0.0 |       1 |       0 |   0.0
    Abyss:2 |    5544 |       0 |   0.0 |      15 |       0 |   0.0
    Abyss:3 |    5201 |    4327 |  45.4 |      13 |       4 |  23.5
    Abyss:4 |    4779 |       0 |   0.0 |      10 |       0 |   0.0
      Sewer |       0 |      56 | 100.0 |       0 |      18 | 100.0
     Bailey |       0 |     703 | 100.0 |       0 |      34 | 100.0
      IceCv |       0 |    1682 | 100.0 |       0 |       6 | 100.0
            +---------+---------+-------+---------+---------+-------
